 Dungeon Crawl Stone Soup version 0.27.1-1-g398f81649c (webtiles) character file.

Game seed: 3066946213796765042

1987 Rediskos the Shield-Bearer (level 9, -10/63 HPs)
             Began as a Formicid Fighter on Sept 5, 2021.
             Was a Follower of Hepliaklqana.
             Mangled by Duvessa (20 damage)
             ... on level 7 of the Dungeon.
             The game lasted 00:28:09 (8408 turns).

Rediskos the Shield-Bearer (Formicid Fighter)       Turns: 8408, Time: 00:28:10

Health: -10/63     AC: 10    Str: 22    XL:     9   Next: 44%
Magic:  18/18      EV: 10    Int:  8    God:    Hepliaklqana [*.....]
Gold:   356        SH: 12    Dex: 12    Spells: 8/8 levels left

rFire    x . .     SeeInvis +   e - +1 whip (elec)
rCold    + . .     Faith    .   c - +1 kite shield
rNeg     . . .     Spirit   .   b - +0 scale mail
rPois    .         Reflect  .   (helmet unavailable)
rElec    .         Harm     .   t - +0 cloak
rCorr    .         Rampage  .   i - +0 pair of gloves
Will     .....                  (no boots)
Stlth    ..........             (no amulet)
HPRegen  0.20/turn              n - ring of ice
MPRegen  0.16/turn              p - ring of magical power

@: no status effects
A: reduced essence, permanent stasis, dig shafts and tunnels, antennae 3, four
strong arms
a: Dig, Shaft Self, Renounce Religion, Recall Ancestor, Ancestor Identity


You were on level 7 of the Dungeon.
You worshipped Hepliaklqana.
Hepliaklqana was aware of your devotion.
You visited 2 branches of the dungeon, and saw 8 of its levels.

You collected 357 gold pieces.
You spent 1 gold pieces at shops.

Inventory:

Hand Weapons
 a - a +1 flail
 e - a +1 whip of electrocution (weapon)
 f - a -3 eveningstar
 s - a +2 quarterstaff of chaos
Missiles
 l - 31 poisoned darts (quivered)
 q - 2 throwing nets
Armour
 b - a +0 scale mail (worn)
 c - a +1 kite shield (worn)
 h - a +2 buckler
 i - a +0 pair of gloves (worn)
 t - a +0 cloak (worn)
Jewellery
 n - a ring of ice (left hand)
 p - a ring of magical power (right hand)
 A - an amulet of faith
Wands
 v - a wand of polymorph (9)
Scrolls
 g - 4 scrolls of enchant weapon
 m - a scroll of silence
 o - a scroll of brand weapon
 r - a scroll of identify
 w - 2 scrolls of amnesia
 y - a scroll of teleportation {unknown}
Potions
 d - a potion of magic
 j - 3 potions of curing
 k - 2 potions of attraction
 u - 2 potions of might
 x - a potion of haste
 z - a potion of cancellation {unknown}
 B - a potion of mutation {unknown}


   Skills:
 + Level 6.8 Fighting
 - Level 7.0 Maces & Flails
 - Level 6.0 Armour
 + Level 2.9 Dodging
 + Level 7.5 Shields


You had 8 spell levels left.
You didn't know any spells.
Your spell library contained the following spells:

 Spells                   Type           Power      Damage    Failure   Level
 Magic Dart               Conj           0%         1d3       82%         1
 Searing Ray              Conj           0%         3d3       91%         2
 Gell's Gravitas          Tloc           0%         N/A       99%         3
 Teleport Other           Tloc           0%         N/A       99%         3
 Fulminant Prism          Conj/Hex       0%         3d6       100%        4
 Dispersal                Tloc           0%         N/A       100%        6


Dungeon Overview and Level Annotations

Branches:
Dungeon (7/15)             Temple (1/1) D:4

Altars:
Ashenzari
Dithmenos
Elyvilon
Fedhas
Hepliaklqana
Kikubaaqudgha
Makhleb
Nemelex Xobeh
Okawaru
Qazlal
Sif Muna
Trog
Vehumet
Wu Jian
Xom
Yredelemnul
Zin
The Shining One

Shops:
D:4 *   D:5 (   D:7 *

Annotations:
D:7 Duvessa


Innate Abilities, Weirdness & Mutations

Your life essence is reduced to manifest your ancestor. (-10% HP)
You cannot be hasted, slowed, berserked, paralysed or teleported.
You can dig through walls and to a lower floor.
You have a pair of large antennae on your head. (SInv)
Your four strong arms can wield two-handed weapons with a shield.


Message History

Duvessa says, "When magic and the sword combine, nothing stands against them."
You hit Duvessa.
Duvessa is lightly wounded.
You hit Duvessa but do no damage.
Duvessa is lightly wounded.
Akiya hits Dowan.
You block Duvessa's attack.
You hit Duvessa. Lightning courses through Duvessa!
Duvessa is heavily wounded.
Dowan hits Akiya with a +0 dagger.
Akiya hits Dowan.
Dowan dies!
Duvessa screams, "No!
How DARE you!"
Duvessa goes berserk!
Duvessa hits you with a +5 rapier of freezing.
You hit Duvessa but do no damage.
Duvessa is heavily wounded.
You block Duvessa's attack.
You hit Duvessa.
Duvessa is severely wounded.
You block Duvessa's attack.
Akiya barely misses Duvessa.
Something closely misses Akiya.
You hit Duvessa but do no damage.
Duvessa is severely wounded.
Duvessa hits you with a +5 rapier of freezing!!
Duvessa freezes you.
Duvessa hits you with a +5 rapier of freezing!
Duvessa freezes you.
Your shield prevents you from hitting Duvessa.
Duvessa is severely wounded.
Akiya hits Duvessa!
Something hits Akiya.
Duvessa hits you with a +5 rapier of freezing!
* * * LOW HITPOINT WARNING * * *
Duvessa freezes you.
* * * LOW HITPOINT WARNING * * *
You barely miss Duvessa.
Duvessa is severely wounded.
Akiya barely misses Duvessa.
You block Duvessa's attack.
Something hits Akiya.
You feel better. You block Duvessa's attack.
Akiya hits Duvessa.
Something hits Akiya.
Duvessa hits you with a +5 rapier of freezing!!
You die...

### #.#.####.#
#......@.#
#.######e######
....o.{R.....#
.######.##.###
{ #)##.# { {
#.##.# {#.##.#
#.##.# #.##.#


You could see the friendly Akiya the ancestor and Duvessa (berserk, ally
target).

Vanquished Creatures
  Pikel (D:5)
  Grinder (D:5)
  2 water moccasins
  An ice beast (D:6)
  A hornet zombie (D:6)
  A sky beast (D:7)
  A centaur (D:6)
  A scorpion (D:4)
  A howler monkey (D:3)
  A hound (D:7)
  A centaur skeleton (D:6)
  Crazy Yiuf (D:5)
  3 iguanas
  3 orc wizards
  6 gnolls (D:5)
  15 adders
  2 ufetubi (D:4)
  5 worms
  4 dart slugs
  11 orcs
  5 ball pythons
  6 bats
  5 endoplasms
  3 giant cockroaches
  6 goblins
  8 hobgoblins
  6 jackals (D:1)
  A quokka (D:2)
  A ball python zombie (D:3)
  5 frilled lizards
  6 kobolds
  4 rats
118 creatures vanquished.

Vanquished Creatures (collateral kills)
  Dowan (D:7)
  A centaur zombie (D:7)
  A hound (D:7)
  2 adders (D:7)
5 creatures vanquished.

Grand Total: 123 creatures vanquished

Notes
Turn   | Place    | Note
-------+----------+-------------------------------------------
     0 | D:1      | Rediskos the Formicid Fighter began the quest for the Orb.
     0 | D:1      | Reached XP level 1. HP: 18/18 MP: 1/1
   106 | D:1      | Reached XP level 2. HP: 15/24 MP: 2/2
   847 | D:1      | Reached XP level 3. HP: 21/29 MP: 3/3
  1967 | D:2      | Reached XP level 4. HP: 37/37 MP: 4/4
  2371 | D:2      | Reached XP level 5. HP: 42/42 MP: 5/5
  2518 | D:2      | Found a faded altar of an unknown god.
  3696 | D:3      | Noticed a water moccasin
  3726 | D:3      | Killed a water moccasin
  3727 | D:3      | Reached XP level 6. HP: 16/49 MP: 6/6
  3734 | D:3      | Reached skill level 5 in Shields
  4212 | D:4      | Found Bepritutei's Lightly-Used Armoury.
  4215 | D:4      | Bought a -3 eveningstar for 1 gold piece
  4390 | D:4      | Reached XP level 7. HP: 19/55 MP: 7/7
  4752 | D:4      | Found a staircase to the Ecumenical Temple.
  4760 | Temple   | Entered the Ecumenical Temple
  5102 | Temple   | Became a worshipper of Hepliaklqana the Forgotten
  5592 | D:5      | Entered Level 5 of the Dungeon
  5722 | D:4      | Reached skill level 5 in Maces & Flails
  6315 | D:5      | Found Guufe's Antique Weapon Boutique.
  6316 | D:5      | Noticed Grinder
  6338 | D:5      | Killed Grinder
  6339 | D:5      | Reached skill level 5 in Fighting
  6339 | D:5      | Reached skill level 5 in Armour
  6339 | D:5      | Reached XP level 8. HP: 25/62 MP: 8/8
  6541 | D:5      | Noticed Pikel
  6568 | D:5      | Killed Pikel
  6954 | D:5      | Found a runed translucent door.
  6955 | D:5      | Noticed Crazy Yiuf
  6964 | D:5      | Killed Crazy Yiuf
  7176 | D:6      | Found an ancient bone altar of Kikubaaqudgha.
  7269 | D:6      | Found a glowing golden altar of the Shining One.
  7319 | D:6      | Reached skill level 1 in Dodging
  7319 | D:6      | Reached XP level 9. HP: 69/69 MP: 9/9
  7539 | D:6      | Reached * piety under Hepliaklqana
  7895 | D:7      | Found Neehix's Serpentskin Sales.
  8393 | D:7      | Noticed Duvessa
  8393 | D:7      | Noticed Dowan
  8402 | D:7      | Killed Dowan
  8408 | D:7      | Mangled by Duvessa

Illustrated notes

Levels and vault maps discovered:
D:1:      amcnicky_arrival_choice, layout_basic, kennysheep_decorative_pillar,
          minivault_4
D:2:      layout_rooms, shapermc_ecumenical_altar_notcrosses, st_stairs_13
D:3:      layout_loops_ring, minmay_divided_ellipse
D:4:      layout_basic, temple_fountains, minmay_shop_damaged
D:5:      layout_loops_ring, serial_shops, nicolae_lakefront_shop, uniq_pikel,
          uniq_crazy_yiuf_cottage, uniq_grinder
D:6:      layout_rooms, mainiacjoe_overflow_boulevard,
          nicolae_overflow_hidden_temple
D:7:      layout_basic, chei_slow_surprise, st_stairs_13, guppyfry_shop_venom,
          uniq_duvessa
Temple:   eino_temple_scatter_basement

Skill      XL: |  1  2  3  4  5  6  7  8  9 |
---------------+----------------------------+-----
Shields        | 4 5 6 7 |  7.5
Maces & Flails | 3 4 5 6 7 |  7.0
Fighting       | 4 5 6 |  6.8
Armour         | 4 5 6 |  6.0
Dodging        | 1 2 |  2.9

Action                   |  1- 3 |  4- 6 |  7- 9 || total
-------------------------+-------+-------+-------++-------
Melee: Flail             |   115 |   246 |   104 ||   465
       Whip              |       |       |   149 ||   149
Throw: Dart              |       |     1 |       ||     1
  Use: Potion            |       |     1 |     2 ||     3
       Scroll            |       |     6 |     4 ||    10
 Stab: Confused          |       |       |     1 ||     1
Armor: Scale mail        |    53 |   106 |    54 ||   213
Dodge: Dodged            |    58 |   109 |    95 ||   262
Block: Kite shield       |    70 |    31 |    61 ||   162
       Buckler           |       |    47 |    49 ||    96
